[Event "Titled Tuesday Blitz May 2 Early 2023"]
[White "Sanchez, German"]
[Black "Kubatko, Ivan"]
[WhiteFideId "4403959"]
[BlackFideId "24111473"]
[WhiteElo "1816"]
[BlackElo "2285"]
[Result "1-0"]
[Round "10"]
[TimeControl "180+2"]
[Date "2023.05.03"]
[WhiteClock "0:00:00"]
[BlackClock "0:00:00"]

1. e4 d5 2. exd5 Qxd5 3. d4 e5 4. Nf3 Nc6 5. c4 Qe4+ 6. Be2 Nxd4 7. Nxd4 Qxd4 8. Qb3 Qb6 9. Qg3 Qa5+ 10. Nc3 Nf6 11. O-O Be6 12. a3 O-O-O 13. b4 Bxb4 14. Nb5 Nd7 15. Be3 Bd6 16. Nxa7+ Kb8 17. Rab1 Nb6 18. Nb5 Bxc4 19. Bxb6 Qxb6 20. Nxd6 Qxd6 21. Bxc4 f5 22. h3 g6 23. Qb3 Qc6 24. Rfd1 Rxd1+ 25. Rxd1 e4 26. Bd5 Qa6 27. Rb1 c6 28. Qc3 Rd8 29. Bxc6 Rc8 30. Qe5+ Rc7 31. Rxb7+ Qxb7 32. Bxb7 Kxb7 33. h4 Kc8 34. h5 Kb7 35. hxg6 hxg6 36. Qd5+ Rc6 37. Qd7+ Kb6 38. a4 Rc1+ 39. Kh2 Rc6 40. a5+ Kc5 41. Qe7+ Kb5 42. Qd7 Kc5 43. Kg3 Kb5 44. Kf4 Kc5 45. Kg5 Ra6 46. Qc7+ Kb5 47. Qb7+ Kxa5 48. Qb2 Rb6 49. Qa2+ Kb5 50. g3 Kc5 51. Qe2 Rd6 52. Qb2 Kc6 53. Qb4 Re6 54. Qa4+ Kd5 55. Qa8+ Ke5 56. Qg8 Kd5 57. Qf8 Ke5 58. Qb4 Kd5 59. Kf4 Rd6 60. Qb3+ Kc6 61. Qf7 Kc5 62. Ke5 Rc6 63. Qd7 Kb5 64. Kd4 Kb6 65. Qd8+ Kb7 66. Kd5 Rc1 67. Ke6 Rc6+ 68. Kf7 Rc7+ 69. Kxg6 Rc5 70. Qe7+ Kc6 71. Qxc5+ Kxc5 72. Kxf5 Kd4 73. g4 Kd3 74. g5 1-0


[Site "https://www.chess.com"]

[Event "Titled Tuesday Blitz May 2 Early 2023"]
[White "Arat, Ufuk Sezen"]
[Black "Amitpal, Singh"]
[WhiteFideId "6309089"]
[BlackFideId "5012899"]
[WhiteElo "2289"]
[BlackElo "2107"]
[Result "1-0"]
[Round "10"]
[TimeControl "180+2"]
[Date "2023.05.03"]
[WhiteClock "0:00:00"]
[BlackClock "0:00:00"]

1. e4 c5 2. Nf3 d6 3. d4 cxd4 4. Nxd4 Nf6 5. Nc3 a6 6. Be3 e5 7. Nf3 Be6 8. h3 Be7 9. a4 Nc6 10. Qd2 Nb4 11. Bd3 d5 12. exd5 Nbxd5 13. Nxd5 Nxd5 14. O-O Qc7 15. Rfe1 O-O 16. Qe2 f5 17. c4 Nxe3 18. Qxe3 e4 19. Bxe4 fxe4 20. Qxe4 Rf6 21. Ng5 Bc5 22. Qxh7+ Kf8 23. Nxe6+ Rxe6 24. Rxe6 Kf7 25. Rae1 Rd8 26. Qh5+ Kg8 27. Re8+ Bf8 28. Rxd8 Qxd8 29. Qd5+ Qxd5 30. cxd5 Kf7 31. Rc1 Bd6 32. h4 Kf6 33. Re1 1-0


[Site "https://www.chess.com"]

[Event "Titled Tuesday Blitz May 2 Early 2023"]
[White "Wimalasuriya, Kasun M."]
[Black "Omariev, Maksim"]
[WhiteFideId "9906789"]
[BlackFideId "4193423"]
[WhiteElo "1781"]
[BlackElo "2304"]
[Result "0-1"]
[Round "10"]
[TimeControl "180+2"]
[Date "2023.05.03"]
[WhiteClock "0:00:00"]
[BlackClock "0:00:00"]

1. d4 h5 2. c4 h4 3. Nc3 d6 4. e4 h3 5. g4 e5 6. d5 Nf6 7. f3 Nxg4 8. fxg4 Qh4+ 9. Kd2 Be7 10. Kc2 Na6 11. a3 Bxg4 12. Be2 Qf2 13. Be3 Qg2 14. Kb3 Qxh1 15. Bxg4 Qxh2 16. Nxh3 Rxh3 17. Bxh3 Qxh3 18. Bg1 Nc5+ 19. Bxc5 dxc5 20. Qg1 g6 21. Rf1 g5 22. Ka2 a6 23. Rf5 f6 24. Na4 b6 25. d6 Bxd6 26. Rxf6 O-O-O 27. Qxg5 Qd3 28. Qf5+ Kb7 29. b3 Rh8 30. Qf2 Qxe4 31. Nc3 Qd4 32. Qg2+ Ka7 33. Nd5 e4 34. Rxd6 cxd6 35. b4 Qe5 36. Qg6 Rh2+ 37. Kb3 Qb2+ 38. Ka4 Qc2# 0-1


[Site "https://www.chess.com"]

[Event "Titled Tuesday Blitz May 2 Early 2023"]
[White "Ciuffoletti, Paolo"]
[Black "Rodriguez Santiago, Jaime"]
[WhiteFideId "807630"]
[BlackFideId "3100898"]
[WhiteElo "2143"]
[BlackElo "2025"]
[Result "1-0"]
[Round "10"]
[TimeControl "180+2"]
[Date "2023.05.03"]
[WhiteClock "0:00:00"]
[BlackClock "0:00:00"]

1. e4 c6 2. d4 d5 3. exd5 cxd5 4. c4 e6 5. Nc3 Nf6 6. Nf3 Be7 7. cxd5 Nxd5 8. Bd3 Nxc3 9. bxc3 Qc7 10. O-O O-O 11. Ne5 Nd7 12. Bf4 Nxe5 13. Bxe5 Bd6 14. Qe2 Bxe5 15. dxe5 Qxc3 16. Rac1 Qd4 17. Rfd1 Qh4 18. g3 Qh3 19. Be4 Rb8 20. Rc7 a5 21. Qb5 b6 22. Bg2 Qh5 23. Rd6 h6 24. h3 Qf5 25. Re7 Qc2 26. Re8 Ba6 27. Rxf8+ Rxf8 28. Qxa6 Qxa2 29. Qxb6 a4 30. Rd8 Rxd8 31. Qxd8+ Kh7 32. Qe7 Qa1+ 33. Kh2 Qxe5 34. Qxf7 a3 35. Qa7 Qe2 36. Qxa3 Qxf2 37. Qd3+ Kg8 38. Qd7 Qf5 39. Qd4 Qf2 40. Qxf2 1-0


[Site "https://www.chess.com"]

[Event "Titled Tuesday Blitz May 2 Early 2023"]
[White "Srdanovic, Jovana"]
[Black "Kopacz, Grzegorz"]
[WhiteFideId "954810"]
[BlackFideId "1109880"]
[WhiteElo "2145"]
[BlackElo "2037"]
[Result "1/2-1/2"]
[Round "10"]
[TimeControl "180+2"]
[Date "2023.05.03"]
[WhiteClock "0:00:00"]
[BlackClock "0:00:00"]

1. d4 Nf6 2. c4 g6 3. Nc3 Bg7 4. e4 d6 5. h3 O-O 6. Be3 Nbd7 7. g4 e5 8. d5 h5 9. f3 b6 10. Qd2 Nc5 11. O-O-O a5 12. Nge2 a4 13. Kb1 Bd7 14. Nc1 Qc8 15. Nd3 Qa6 16. Nb4 Qa5 17. Nc2 a3 18. b4 Qa6 19. bxc5 bxc5 20. Ka1 Rfb8 21. Nb5 Ne8 22. gxh5 f5 23. Bh6 Bf6 24. exf5 e4+ 25. Nbd4 cxd4 26. Nxd4 Rb2 27. Qc3 Qa4 28. Rc1 exf3 29. Bd3 Qa7 30. Be3 Qb7 31. Rhg1 Be5 32. Rxg6+ Kh8 33. Rh6+ Kg8 34. Rg6+ Kh8 35. Rgg1 Rb8 36. f6 Nxf6 37. Bg5 Qb6 38. Be3 Qb4 39. Qxb4 R8xb4 40. Rb1 Rxb1+ 41. Rxb1 Rxb1+ 42. Kxb1 Bxh3 43. Nxf3 Bg4 44. Nxe5 dxe5 45. Kc2 Bxh5 46. Kb3 e4 47. Bc2 Bf3 48. Bd4 Kg7 49. Kxa3 Kf7 50. Bxf6 Kxf6 51. Kb3 Ke5 52. Kc3 e3 53. Bd3 Kd6 54. Kc2 Kc5 55. a4 e2 56. Kd2 c6 57. dxc6 Kxc6 58. Bxe2 Be4 59. Kc3 Kc5 60. Bd3 Bb7 61. a5 Ba6 62. Bc2 Bxc4 63. Bb3 Bxb3 64. Kxb3 Kb5 65. a6 Kxa6 1/2-1/2


[Site "https://www.chess.com"]

[Event "Titled Tuesday Blitz May 2 Early 2023"]
[White "Vargas Rodriguez, Wilver"]
[Black "Kornyukov, Alexey"]
[WhiteFideId "3509672"]
[BlackFideId "4150457"]
[WhiteElo "2224"]
[BlackElo "2352"]
[Result "1-0"]
[Round "10"]
[TimeControl "180+2"]
[Date "2023.05.03"]
[WhiteClock "0:00:00"]
[BlackClock "0:00:00"]

1. e4 c5 2. Nf3 Nc6 3. b3 e5 4. Bb2 d6 5. Nc3 Nf6 6. d3 Be7 7. g3 Bg4 8. Bg2 O-O 9. h3 Bxf3 10. Bxf3 Nd4 11. Bg2 b5 12. O-O a5 13. a4 b4 14. Nb1 Qc7 15. Nd2 Nd7 16. Nc4 Nb6 17. Ne3 Ne6 18. f4 f6 19. f5 Nd4 20. Kh2 Rac8 21. Rf2 Rfd8 22. Qh5 Nd7 23. Nd5 Qb7 24. Nxe7+ Kh8 25. Nxc8 Rxc8 26. Qf7 Rf8 27. Qe7 Qc7 28. g4 Nc6 29. Qe6 Nd8 30. Qc4 Nb6 31. Qb5 Nc6 32. c3 Rb8 33. cxb4 cxb4 34. Rc1 Rc8 35. Rfc2 Qb7 36. Rxc6 Rf8 37. Qxb6 Qa8 38. Qa6 Qe8 39. Rc8 Qf7 40. Rxf8+ Qxf8 41. Rc8 Kg8 42. Rxf8+ Kxf8 43. Qxa5 Kf7 44. Qxb4 Ke7 45. Qc4 Kd7 46. a5 1-0


[Site "https://www.chess.com"]

[Event "Titled Tuesday Blitz May 2 Early 2023"]
[White "Antonio, Jorge Carlos"]
[Black "Necula, Iulian"]
[WhiteFideId "113190"]
[BlackFideId "1232380"]
[WhiteElo "2247"]
[BlackElo "1790"]
[Result "1/2-1/2"]
[Round "10"]
[TimeControl "180+2"]
[Date "2023.05.03"]
[WhiteClock "0:00:00"]
[BlackClock "0:00:00"]

1. e4 d6 2. f4 Nf6 3. Nc3 Nc6 4. Nf3 Bg4 5. h3 Bxf3 6. Qxf3 e5 7. Bb5 Qe7 8. Nd5 Qd7 9. fxe5 dxe5 10. Nxf6+ gxf6 11. Qxf6 Rg8 12. O-O Qe6 13. Bxc6+ bxc6 14. Qxe6+ fxe6 15. d3 Bc5+ 16. Kh1 Ke7 17. Bd2 Raf8 18. Bc3 Bd6 19. g4 Rf4 20. Bd2 Rf7 21. Rxf7+ Kxf7 22. Rf1+ Ke8 23. Kg2 Be7 24. Kg3 h5 25. Bc3 h4+ 26. Kg2 Bd6 27. Rf6 Ke7 28. Rh6 c5 29. Rxh4 c4 30. Rh7+ Kf6 31. Kg3 cxd3 32. cxd3 Kg6 33. Rd7 Rf8 34. h4 Rf1 35. h5+ Kf6 36. Bd2 Rg1+ 37. Kh2 Rxg4 38. h6 Rh4+ 39. Kg3 Rh1 40. Kg2 Rh5 41. Rd8 Kg6 42. Rg8+ Kf7 43. Rg3 Bf8 44. Rf3+ Ke8 45. Rh3 Rxh3 46. Kxh3 Kf7 47. Kg4 Kg6 48. Kf3 Bxh6 49. Bxh6 Kxh6 50. Kg4 Kg6 51. b4 a6 52. a4 c6 53. Kh4 Kh6 54. Kg4 Kg6 55. Kh4 Kh6 56. Kg4 Kg6 1/2-1/2


[Site "https://www.chess.com"]

[Event "Titled Tuesday Blitz May 2 Early 2023"]
[White "Larina, Maria"]
[Black "Pasti, Aron"]
[WhiteFideId "24113182"]
[BlackFideId "785857"]
[WhiteElo "1848"]
[BlackElo "2173"]
[Result "0-1"]
[Round "10"]
[TimeControl "180+2"]
[Date "2023.05.03"]
[WhiteClock "0:00:00"]
[BlackClock "0:00:00"]

1. e4 e5 2. Nf3 Nc6 3. Nc3 Nf6 4. Bb5 Bc5 5. O-O d6 6. d4 exd4 7. Nxd4 Bd7 8. Nf5 O-O 9. Bg5 h6 10. Bh4 a6 11. Bd3 Bxf5 12. exf5 Ne5 13. Ne4 Ned7 14. Nxc5 Nxc5 15. Bc4 Ncd7 16. Re1 Re8 17. Qf3 Ne5 18. Qb3 Nxc4 19. Qxc4 Re5 20. Qf4 Qe7 21. f3 Re8 22. Re4 Rxe4 23. fxe4 Qxe4 24. Qxe4 Rxe4 25. Bxf6 gxf6 26. Kf2 Rf4+ 27. Ke3 Rxf5 28. Rd1 Rc5 29. c3 Rb5 30. b3 Kf8 31. c4 Re5+ 32. Kf3 Ke7 33. Rd4 Ke6 34. Rh4 h5 35. g4 hxg4+ 36. Rxg4 Rf5+ 37. Ke3 Rh5 38. h4 f5 39. Rf4 Ke5 40. Kf3 c6 41. Kg3 Rh8 42. Rf1 d5 43. cxd5 cxd5 44. Re1+ Kf6 45. Rd1 f4+ 46. Kxf4 Rxh4+ 47. Ke3 Ke5 48. Rg1 d4+ 49. Kd3 Rh3+ 50. Kc4 Rc3+ 51. Kb4 Rc2 52. a4 d3 53. Rg5+ Kf4 54. Rd5 Ke4 55. Rd7 d2 56. Ka5 Rc5+ 57. Kb6 Rd5 58. Re7+ Kd3 59. Kxb7 d1=Q 60. Kxa6 Qxb3 61. a5 Qb5+ 62. Ka7 Qxa5+ 63. Kb7 Rb5+ 64. Kc6 Rb6+ 65. Kc7 Qa7+ 66. Kc8 Rb8# 0-1


[Site "https://www.chess.com"]

[Event "Titled Tuesday Blitz May 2 Early 2023"]
[White "Elissalt Cardenas, Hector"]
[Black "Smietanska, Wiktoria"]
[WhiteFideId "3500632"]
[BlackFideId "21869359"]
[WhiteElo "2202"]
[BlackElo "1995"]
[Result "0-1"]
[Round "10"]
[TimeControl "180+2"]
[Date "2023.05.03"]
[WhiteClock "0:00:00"]
[BlackClock "0:00:00"]

1. c4 Nf6 2. Nc3 g6 3. d4 Bg7 4. e4 d6 5. h3 O-O 6. Be3 e5 7. d5 Ne8 8. g4 f5 9. exf5 gxf5 10. gxf5 Bxf5 11. Nge2 Qh4 12. Ng3 Bg6 13. Bd3 Bxd3 14. Qxd3 Nd7 15. Nf5 Qf6 16. Nxg7 Nxg7 17. O-O-O Qf5 18. Ne4 Nf6 19. Nxf6+ Rxf6 20. Rhg1 Qxd3 21. Rxd3 Kf7 22. Rb3 b6 23. Ra3 a5 24. Kd2 Nf5 25. Ke2 Nxe3 26. Rxe3 Rf8 27. Reg3 Ke8 28. R1g2 Rf4 29. b3 R4f7 30. h4 h5 31. Rg5 Rh7 32. Ke3 Rf4 33. Rg7 Rxg7 34. Rxg7 Kd8 35. Rh7 Rxh4 36. f3 Rh2 37. Ke4 Rxa2 38. Kf5 Ra3 39. Ke6 Kc8 40. Rh8+ Kb7 41. Kd7 Rxb3 42. Rc8 a4 43. Rxc7+ Ka6 44. Rc8 Ka5 45. Kxd6 a3 46. Ra8+ Kb4 47. Kxe5 a2 48. d6 Ra3 0-1


[Site "https://www.chess.com"]

[Event "Titled Tuesday Blitz May 2 Early 2023"]
[White "Chirivi C, Jenny Astrid"]
[Black "Kuchava, Ana"]
[WhiteFideId "4403061"]
[BlackFideId "13605348"]
[WhiteElo "2001"]
[BlackElo "2001"]
[Result "0-1"]
[Round "10"]
[TimeControl "180+2"]
[Date "2023.05.03"]
[WhiteClock "0:00:00"]
[BlackClock "0:00:00"]

1. d4 d5 2. c4 e6 3. Nc3 Be7 4. Nf3 Nf6 5. Bf4 c5 6. e3 Nc6 7. Be2 O-O 8. O-O cxd4 9. exd4 dxc4 10. Bxc4 Nb4 11. Re1 b6 12. Nb5 Nbd5 13. Be5 Bb7 14. Rc1 a6 15. Nc3 Rc8 16. Bd3 b5 17. Bb1 b4 18. Na4 Qa5 19. b3 Bc6 20. Nc5 Nc3 21. Rxc3 bxc3 22. Qc2 g6 23. Ng5 Nd7 24. Ncxe6 fxe6 25. Nxe6 Rf7 26. f3 Nxe5 27. Rxe5 Qb6 28. Qxc3 Bf6 29. Rc5 Be7 30. Rc4 Rf6 31. Nc5 Bd5 32. Nd7 Rxc4 33. Nxf6+ Bxf6 34. Qe1 Qxd4+ 35. Kf1 Rc8 36. g3 Qc3 37. Qe2 Qc1+ 38. Kg2 Qxb1 39. Qxa6 Qc2+ 40. Kh3 Qc6 41. Qa5 Bxf3 42. Qb4 Qe6+ 43. g4 Qxg4+ 0-1


[Site "https://www.chess.com"]

[Event "Titled Tuesday Blitz May 2 Early 2023"]
[White "Vasques, Antonio Pedro Freixial"]
[Black "Osiecki, Stanislaw"]
[WhiteFideId "1908332"]
[BlackFideId "1102990"]
[WhiteElo "2212"]
[BlackElo "2088"]
[Result "1-0"]
[Round "10"]
[TimeControl "180+2"]
[Date "2023.05.03"]
[WhiteClock "0:00:00"]
[BlackClock "0:00:00"]

1. Nf3 Nf6 2. d4 g6 3. c4 Bg7 4. Nc3 d6 5. e4 O-O 6. Be2 e5 7. O-O Nbd7 8. d5 Nc5 9. Qc2 a5 10. Be3 b6 11. Nd2 Bd7 12. b3 Ng4 13. Bxg4 Bxg4 14. a3 Bd7 15. b4 Nb7 16. Nb5 f5 17. f3 f4 18. Bf2 g5 19. Nb3 g4 20. Kh1 gxf3 21. gxf3 Kh8 22. bxa5 Nxa5 23. Nxa5 Rxa5 24. a4 Bf6 25. Rg1 Ra8 26. Qd2 Rg8 27. a5 Rxg1+ 28. Bxg1 bxa5 29. Rxa5 Bxb5 30. cxb5 Rxa5 31. Qxa5 Qd7 32. Qa8+ Kg7 33. Qc6 Qh3 34. Qxc7+ Kg6 35. Qc3 Qf1 36. b6 Bd8 37. Qa3 Kh5 38. Qa2 Qxf3+ 39. Qg2 Qb3 40. h3 Bxb6 41. Qg4+ Kh6 42. h4 Bd8 43. Kg2 Qc2+ 44. Kf3 Qd3+ 45. Kf2 Qxe4 46. Qe6+ Kh5 47. Qe8+ Kxh4 48. Qxd8+ Kg4 49. Qg8+ 1-0


[Site "https://www.chess.com"]

[Event "Titled Tuesday Blitz May 2 Early 2023"]
[White "Barria Santos, Jose Guilherme"]
[Black "Quirke, Jeffrey"]
[WhiteFideId "1939300"]
[BlackFideId "2013029"]
[WhiteElo "2266"]
[BlackElo "2007"]
[Result "0-1"]
[Round "10"]
[TimeControl "180+2"]
[Date "2023.05.03"]
[WhiteClock "0:00:00"]
[BlackClock "0:00:00"]

1. d4 e6 2. c4 b6 3. Nf3 Bb7 4. Nc3 Bb4 5. Qc2 f5 6. Bg5 Nf6 7. e3 h6 8. Bxf6 Qxf6 9. Be2 O-O 10. O-O-O Bxc3 11. Qxc3 d6 12. h4 Nd7 13. Nd2 c5 14. Rdg1 Rac8 15. Kb1 cxd4 16. Qxd4 Qxd4 17. exd4 e5 18. Nb3 Nf6 19. f3 e4 20. Rc1 Nh5 21. d5 Ng3 22. Rhe1 Ba6 23. fxe4 fxe4 24. Nd4 Rf2 25. Bg4 Rxc4 26. Nc6 Rxc1+ 27. Rxc1 Bd3+ 28. Ka1 e3 29. Ne7+ Kh7 30. h5 e2 31. Be6 Rf1 32. Bg8+ Kh8 33. a3 Rxc1+ 34. Ka2 e1=Q 35. Be6 Bc4+ 36. b3 Qd2# 0-1


[Site "https://www.chess.com"]

[Event "Titled Tuesday Blitz May 2 Early 2023"]
[White "Winkels, Marcel"]
[Black "Thiel, Thomas"]
[WhiteFideId "1003887"]
[BlackFideId "4615964"]
[WhiteElo "1900"]
[BlackElo "2234"]
[Result "1-0"]
[Round "10"]
[TimeControl "180+2"]
[Date "2023.05.03"]
[WhiteClock "0:00:01"]
[BlackClock "0:00:01"]

1. e4 d5 2. exd5 Nf6 3. d4 Nxd5 4. Nf3 g6 5. Be2 Bg7 6. O-O O-O 7. c4 Nb6 8. Nc3 Bg4 9. h3 Bxf3 10. Bxf3 Nc6 11. c5 Nc4 12. d5 N6e5 13. Be2 Na5 14. b4 Nf3+ 15. Bxf3 Bxc3 16. Rb1 1-0


[Site "https://www.chess.com"]

[Event "Titled Tuesday Blitz May 2 Early 2023"]
[White "Pein, Jonathan"]
[Black "Hartikainen, Jarmo"]
[WhiteFideId "417092"]
[BlackFideId "503134"]
[WhiteElo "2151"]
[BlackElo "2108"]
[Result "1-0"]
[Round "10"]
[TimeControl "180+2"]
[Date "2023.05.03"]
[WhiteClock "0:00:00"]
[BlackClock "0:00:00"]

1. e4 c5 2. Nh3 Nc6 3. f4 e6 4. d3 d5 5. Nf2 h5 6. Nc3 h4 7. Be2 Be7 8. a4 d4 9. Nb5 a6 10. Na3 e5 11. O-O h3 12. g3 Nf6 13. Nc4 Be6 14. Nxe5 Nxe5 15. fxe5 Nd7 16. Ng4 Bxg4 17. Bxg4 Nxe5 18. Bf4 Bf6 19. Bxe5 Bxe5 20. Qf3 Qe7 21. Rf2 Rb8 22. Raf1 f6 23. Qf5 b5 24. axb5 axb5 25. Ra1 Qc7 26. Ra6 Bxg3 27. Re6+ Kd8 28. Qd5+ Qd7 29. Re8+ Kxe8 30. Qxd7+ 1-0


[Site "https://www.chess.com"]

[Event "Titled Tuesday Blitz May 2 Early 2023"]
[White "Ankudinova, Yelena"]
[Black "Vargas, Mauricio"]
[WhiteFideId "13702114"]
[BlackFideId "4404572"]
[WhiteElo "1937"]
[BlackElo "1998"]
[Result "1-0"]
[Round "10"]
[TimeControl "180+2"]
[Date "2023.05.03"]
[WhiteClock "0:00:00"]
[BlackClock "0:00:00"]

1. Nf3 Nc6 2. d4 d6 3. c4 e5 4. dxe5 Nxe5 5. Nxe5 dxe5 6. Qxd8+ Kxd8 7. Nc3 c6 8. g3 Be6 9. b3 Bb4 10. Bd2 Ke7 11. Bg2 Rd8 12. O-O-O Ba3+ 13. Kc2 Nf6 14. h3 Bf5+ 15. e4 Be6 16. f4 exf4 17. gxf4 Bc8 18. e5 Nd7 19. Rhe1 Nc5 20. Ne4 Nd3 21. Re3 Nxf4 22. Rg3 Ne6 23. b4 Nd4+ 24. Kb1 Bf5 25. Rxa3 Ne2 26. Kb2 Nf4 27. Bf3 Rd7 28. Bxf4 1-0


[Site "https://www.chess.com"]

[Event "Titled Tuesday Blitz May 2 Early 2023"]
[White "Jodorcovsky Werjivker, Paulo"]
[Black "Van Baar, Esper"]
[WhiteFideId "3700305"]
[BlackFideId "1049321"]
[WhiteElo "2120"]
[BlackElo "2180"]
[Result "1-0"]
[Round "10"]
[TimeControl "180+2"]
[Date "2023.05.03"]
[WhiteClock "0:00:00"]
[BlackClock "0:00:00"]

1. e4 c5 2. Nf3 a6 3. c3 d5 4. exd5 Nf6 5. d4 cxd4 6. Nxd4 Qxd5 7. Nd2 e5 8. N4f3 Nc6 9. Bc4 Qd7 10. O-O Bc5 11. Ng5 O-O 12. Nde4 Nxe4 13. Nxe4 Be7 14. Be3 b5 15. Bd5 Rb8 16. Qd2 Nd4 17. Bxf7+ Rxf7 18. cxd4 Bb7 19. Ng3 Rd8 20. Rad1 Qc6 21. f3 Bf6 22. Qf2 exd4 23. Bxd4 Bxd4 24. Rxd4 Rxd4 25. Qxd4 Rd7 26. Qe3 h6 27. Rc1 Qd5 28. a3 Qd2 29. Qb3+ Bd5 30. Qc3 Qe3+ 31. Qxe3 1-0


[Site "https://www.chess.com"]

[Event "Titled Tuesday Blitz May 2 Early 2023"]
[White "Firouzja, Alireza"]
[Black "Nakamura, Hikaru"]
[WhiteFideId "12573981"]
[BlackFideId "2016192"]
[WhiteElo "2904"]
[BlackElo "2885"]
[Result "1/2-1/2"]
[Round "11"]
[TimeControl "180+2"]
[Date "2023.05.03"]
[WhiteClock "0:00:00"]
[BlackClock "0:00:00"]

1. d4 Nf6 2. Nc3 e6 3. e4 d5 4. e5 Nfd7 5. f4 c5 6. Nf3 Nc6 7. Be3 Rb8 8. a3 a6 9. Qd2 b5 10. dxc5 Bxc5 11. Bxc5 Nxc5 12. b4 Nd7 13. Bd3 f5 14. Ne2 Nb6 15. Ned4 Nxd4 16. Nxd4 Bd7 17. O-O O-O 18. Kh1 Rc8 19. Rg1 Qh4 20. g3 Qh5 21. Qf2 Na4 22. Be2 Qh6 23. g4 fxg4 24. Rxg4 Nc3 25. Bd3 Ne4 26. Qe3 Rc3 27. Rag1 g6 28. h3 Rxa3 29. Kh2 Kh8 30. Nf3 Rc3 31. Rh4 Qg7 32. Qd4 Rfc8 33. Ng5 Nxg5 34. Rxg5 Be8 35. Qb6 Qe7 36. Rhg4 h6 37. Rxg6 Bxg6 38. Rxg6 Rxd3 39. cxd3 Qh4 40. Qe3 Rc2+ 41. Rg2 Rxg2+ 42. Kxg2 Qe7 43. Qc5 Qf7 44. Kf3 Qh5+ 45. Ke3 Qxh3+ 46. Kd4 Qf5 47. Qc8+ Kg7 48. Qd7+ Qf7 49. Qd6 Qxf4+ 50. Kc5 Qf7 51. Qxa6 Qc7+ 52. Kxb5 Qxe5 53. Qa7+ Kg6 54. Qg1+ Kf7 55. Qf2+ Qf6 56. Qc5 h5 57. Ka5 h4 58. b5 Qa1+ 59. Kb4 h3 60. Qc7+ Kf6 61. b6 Qb2+ 62. Ka5 h2 63. Qf4+ Kg6 64. Qg4+ Kf6 65. Qf4+ Kg6 66. Qg4+ Kf6 67. Qf4+ 1/2-1/2


[Site "https://www.chess.com"]

[Event "Titled Tuesday Blitz May 2 Early 2023"]
[White "Caruana, Fabiano"]
[Black "Andreikin, Dmitry"]
[WhiteFideId "2020009"]
[BlackFideId "4158814"]
[WhiteElo "2837"]
[BlackElo "2736"]
[Result "1-0"]
[Round "11"]
[TimeControl "180+2"]
[Date "2023.05.03"]
[WhiteClock "0:00:00"]
[BlackClock "0:00:00"]

1. d4 Nf6 2. c4 e6 3. Nc3 Bb4 4. e3 b6 5. Ne2 Bb7 6. a3 Be7 7. f3 c5 8. d5 exd5 9. cxd5 b5 10. d6 Bf8 11. Nxb5 Na6 12. Nec3 g6 13. Bc4 Bg7 14. O-O O-O 15. e4 Kh8 16. Be3 Ng8 17. Qd2 f5 18. exf5 Rxf5 19. Rae1 Qh4 20. b3 Be5 21. f4 Rh5 22. h3 Qg3 23. fxe5 Rxh3 24. Bf4 Qg4 25. e6 h5 26. Be5+ Nf6 27. Qh6+ Kg8 28. e7+ 1-0


[Site "https://www.chess.com"]

[Event "Titled Tuesday Blitz May 2 Early 2023"]
[White "Duda, Jan-Krzysztof"]
[Black "Shimanov, Aleksandr"]
[WhiteFideId "1170546"]
[BlackFideId "4198603"]
[WhiteElo "2790"]
[BlackElo "2631"]
[Result "1-0"]
[Round "11"]
[TimeControl "180+2"]
[Date "2023.05.03"]
[WhiteClock "0:00:00"]
[BlackClock "0:00:00"]

1. d4 d5 2. c4 e6 3. Nf3 Nf6 4. g3 dxc4 5. Bg2 Nbd7 6. O-O c6 7. a4 a5 8. Qc2 Nd5 9. Qxc4 Be7 10. Rd1 Nb4 11. b3 b6 12. Qc3 Ba6 13. e4 O-O 14. Bb2 Bf6 15. Na3 Rc8 16. Nc4 Qc7 17. h4 Rfd8 18. e5 Be7 19. Ng5 b5 20. Nd6 Bxd6 21. exd6 Qxd6 22. d5 e5 23. dxc6 Qe7 24. axb5 Bxb5 25. c7 Re8 26. Rxa5 Bc6 27. Bxc6 Rxc7 28. Rxd7 Rxd7 29. Bxd7 Qxd7 30. Qxb4 Qd1+ 31. Kg2 h6 32. Rxe5 Rxe5 33. Qb8+ 1-0


[Site "https://www.chess.com"]

[Event "Titled Tuesday Blitz May 2 Early 2023"]
[White "Ter-Sahakyan, Samvel"]
[Black "Suyarov, Mukhammadzokhid"]
[WhiteFideId "13302531"]
[BlackFideId "14210495"]
[WhiteElo "2566"]
[BlackElo "2361"]
[Result "1/2-1/2"]
[Round "11"]
[TimeControl "180+2"]
[Date "2023.05.03"]
[WhiteClock "0:00:00"]
[BlackClock "0:00:00"]

1. d4 e6 2. c4 b6 3. a3 Nf6 4. Nc3 d5 5. cxd5 Nxd5 6. Nf3 Bb7 7. Qc2 Be7 8. e4 Nxc3 9. bxc3 c5 10. Bd3 cxd4 11. cxd4 Nd7 12. O-O O-O 13. Qe2 a6 14. a4 Nf6 15. Bb2 Re8 16. Rfe1 Bf8 17. h3 Bb4 18. Red1 a5 19. Ne5 Rc8 20. Rac1 Qe7 21. f3 Ba3 22. Bb5 Red8 23. Rxc8 Rxc8 24. Bxa3 Qxa3 25. Nc4 Qb3 26. Qd3 Qa2 27. Rd2 Qa1+ 28. Rd1 Qa2 29. Rd2 Qa1+ 30. Kh2 h5 31. Rd1 Qa2 32. Rc1 h4 33. Qc2 Qxc2 34. Rxc2 Rc7 35. Rd2 Bc6 36. Nd6 Bxb5 37. Nxb5 Rc1 38. g4 hxg3+ 39. Kxg3 Nh5+ 40. Kf2 Nf4 41. d5 Rc8 42. d6 Rd8 43. d7 Ng6 44. Rd6 Ne5 45. f4 Ng6 46. Rxb6 Rxd7 47. f5 exf5 48. exf5 Ne5 49. Ra6 Nc4 50. Kf3 Rd3+ 51. Ke4 Rxh3 52. Kd5 Rh4 53. Kc5 Rf4 54. Nd4 Ne3 55. f6 Rxf6 56. Rxf6 gxf6 57. Nb3 f5 58. Kd4 f4 59. Nxa5 f5 60. Kd3 Nd5 61. Nc4 Kf7 62. a5 Ke6 63. a6 Nb4+ 64. Ke2 Nxa6 65. Kf3 Kd5 66. Nd2 Ke5 67. Nc4+ Kf6 68. Kxf4 Nc5 69. Ne3 Ne6+ 70. Kf3 f4 71. Nd5+ Ke5 72. Nxf4 1/2-1/2


[Site "https://www.chess.com"]

[Event "Titled Tuesday Blitz May 2 Early 2023"]
[White "Indjic, Aleksandar"]
[Black "Durarbayli, Vasif"]
[WhiteFideId "911925"]
[BlackFideId "13402935"]
[WhiteElo "2614"]
[BlackElo "2551"]
[Result "0-1"]
[Round "11"]
[TimeControl "180+2"]
[Date "2023.05.03"]
[WhiteClock "0:00:00"]
[BlackClock "0:00:00"]

1. d4 d5 2. Nf3 Nf6 3. Bf4 c5 4. e3 Nc6 5. Nbd2 e6 6. c3 Nh5 7. Bg5 f6 8. Bh4 g6 9. Bd3 cxd4 10. cxd4 Be7 11. a3 O-O 12. Rc1 Bd7 13. g4 Ng7 14. Bg3 e5 15. dxe5 Bxg4 16. exf6 Bxf6 17. Qb3 Qd7 18. h3 Be6 19. Qa4 a6 20. b4 Ne5 21. Qb3 d4 22. Nxe5 Bxe5 23. Bc4 Bxg3 24. fxg3 dxe3 25. Ne4 Rae8 26. Ke2 Qd4 27. Bxe6+ Rxe6 28. Rc4 Rf2+ 29. Ke1 Qa1+ 30. Qd1 Qxd1+ 31. Kxd1 Ra2 32. Re1 Ra1+ 33. Ke2 Rxa3 34. g4 Ne8 35. Rf1 Ra2+ 36. Kf3 e2 37. Re1 Nd6 38. Nxd6 Rxd6 39. Rc7 Rf6+ 40. Kg2 b5 41. Rb7 Re6 42. Kf2 Rb2 43. g5 Rxb4 44. Rxe2 Rf4+ 45. Kg3 Rxe2 46. Kxf4 Rf2+ 47. Kg3 Rf5 48. Kg4 a5 49. h4 a4 50. h5 Rf7 51. Rb8+ Rf8 52. Rxb5 Ra8 53. hxg6 hxg6 54. Rb6 Kf7 55. Rf6+ Kg7 56. Rb6 a3 57. Rb7+ Kf8 58. Rh7 Kg8 59. Rh1 a2 60. Ra1 Kf7 61. Kf4 Ke6 62. Ke4 Ra4+ 63. Kd3 Kf5 64. Kc3 Kxg5 65. Kb2 Kf6 66. Rf1+ Kg7 67. Ka1 g5 68. Rg1 Kg6 69. Rd1 g4 70. Rd8 Kg5 71. Rg8+ Kh4 72. Rh8+ Kg3 73. Ra8 Rxa8 0-1


[Site "https://www.chess.com"]

[Event "Titled Tuesday Blitz May 2 Early 2023"]
[White "Sethuraman, S.P."]
[Black "Fedoseev, Vladimir"]
[WhiteFideId "5021596"]
[BlackFideId "24130737"]
[WhiteElo "2543"]
[BlackElo "2752"]
[Result "1/2-1/2"]
[Round "11"]
[TimeControl "180+2"]
[Date "2023.05.03"]
[WhiteClock "0:00:00"]
[BlackClock "0:00:00"]

1. e4 c5 2. Nf3 d6 3. d4 cxd4 4. Nxd4 Nf6 5. Nc3 a6 6. Be3 e6 7. Be2 Qc7 8. f4 h5 9. Bf3 Nbd7 10. Qe2 g6 11. O-O-O e5 12. Nb3 b5 13. f5 Bb7 14. fxg6 fxg6 15. Rhf1 Be7 16. Nd5 Bxd5 17. exd5 e4 18. Bxe4 Nxe4 19. Bd4 Bg5+ 20. Kb1 O-O-O 21. Bxh8 Qc4 22. Qe1 Rxh8 23. Rd4 Nd2+ 24. Rxd2 Bxd2 25. Nxd2 Qxd5 26. Nb3 Kb8 27. a3 Rc8 28. Qd1 Qxd1+ 29. Rxd1 Kc7 30. Nd4 Re8 31. Rf1 Re4 32. c3 h4 33. h3 Ne5 34. Kc2 Re3 35. Rf2 Kb6 36. b3 Kc5 37. Kd2 Rd3+ 38. Kc2 Kd5 39. Nf3 Re3 40. Ng5 a5 41. Nh7 Ke6 42. Ng5+ Kd5 43. Nh7 Rg3 44. Nf6+ Ke6 45. Ne4 Re3 46. Ng5+ Kd5 1/2-1/2


[Site "https://www.chess.com"]